 Dungeon Crawl Stone Soup version 0.30.1-11-g7821555f0a (webtiles) character file.

Game seed: 10646488977788882016

113 porpoise the Shooter (level 4, -6/32 (40) HPs)
             Began as a Minotaur Hunter on Jan 11, 2024.
             Mangled by Edmund
             ... wielding a +0 flail of draining
              (9 damage)
             ... on level 4 of the Dungeon.
             The game lasted 00:05:38 (2102 turns).

porpoise the Shooter (Minotaur Hunter)              Turns: 2102, Time: 00:05:39

HP:   -6/32 (40)    AC:  6    Str: 15    XL:     4   Next: 65%
MP:   3/3           EV: 11    Int:  6    God:
Gold: 170           SH:  0    Dex: 16    Spells: 3/3 levels left

rFire   . . .        a - +0 shortbow
rCold   . . .        (shield currently unavailable)
rNeg    . . .        q - +0 ring mail
rPois   .            (helmet restricted)
rElec   .            (no cloak)
rCorr   .            (no gloves)
SInv    .            m - +0 pair of boots
Will    .....        (no amulet)
Stlth   +            j - +4 ring of slaying
HPRegen 0.25/turn    t - ring of willpower
MPRegen 0.08/turn

%: no passive effects
@: weak-willed, heavily drained
A: horns 2, retaliatory headbutt
a: no special abilities


You were on level 4 of the Dungeon.
You visited 1 branch of the dungeon, and saw 4 of its levels.

You collected 170 gold pieces.

Inventory:

Hand Weapons
 a - a +0 shortbow (weapon)
 n - a +2 dagger of protection
Missiles
 p - a throwing net
Armour
 c - a +0 leather armour
 k - an orb of wrath
 m - a +0 pair of boots (worn)
 q - a +0 ring mail (worn)
Jewellery
 f - a ring of protection from fire
 i - a ring of magical power
 j - a +4 ring of slaying (left hand)
 t - a ring of willpower (right hand)
Scrolls
 b - 2 scrolls of immolation
 d - a scroll of noise {unknown}
 e - 2 scrolls of teleportation
 g - a scroll of amnesia
 l - a scroll of poison {unknown}
 o - a scroll of fear {unknown}
 u - a scroll of fog {unknown}
 v - 2 scrolls of vulnerability
Potions
 h - 3 potions of curing
 r - 2 potions of heal wounds
 s - a potion of lignification


   Skills:
 + Level 3.7 Fighting
 * Level 5.9 Ranged Weapons
 + Level 1.3 Armour
 - Level 2.1 Dodging
 - Level 0.7 Stealth


You had 3 spell levels left.
You didn't know any spells.
Your spell library contained the following spells:

 Spells                   Type           Power      Damage    Failure   Level
 Animate Dead             Necr           0%         N/A       100%        4
 Borgnjor's Vile Clutch   Necr/Erth      0%         N/A       100%        5
 Death Channel            Necr           0%         N/A       100%        6


Dungeon Overview and Level Annotations

Branches:
Dungeon (4/15)
 Temple: D:4-7

Altars:
Yredelemnul

Shops:
D:3 (

Annotations:
D:3 2 runed translucent doors, zazaan's ghost, amateur DjTm
D:4 Edmund


Innate Abilities, Weirdness & Mutations

You have a pair of horns on your head.
You reflexively headbutt those who attack you in melee.


Message History

You shoot an arrow.
The arrow hits Edmund but does no damage.
Edmund is moderately wounded.
The orc hits you with a +2 flail of holy wrath.
Edmund barely misses you.
Fire: a) +0 shortbow
Press: ? - help, Shift-Dir - straight line, f/p - Edmund
Aim: Edmund, wielding a +0 flail of draining and wearing a +0 chain mail (moderately wounded, 73% to hit)
Unknown command.
You aren't carrying any items that you can evoke.
Unknown command.
Fire: a) +0 shortbow
Press: ? - help, Shift-Dir - straight line, f/p - Edmund
Aim: Edmund, wielding a +0 flail of draining and wearing a +0 chain mail (moderately wounded, 73% to hit)
You shoot an arrow. The arrow hits Edmund.
Edmund is moderately wounded.
The orc hits you with a +2 flail of holy wrath.
Edmund misses you. You furiously retaliate!
You headbutt Edmund!
Edmund hits you with a +0 flail of draining!
* * * LOW HITPOINT WARNING * * *
You feel drained.
* * * LOW HITPOINT WARNING * * *
The orc barely misses you.
You shoot an arrow. The arrow hits Edmund.
Edmund is severely wounded.
The orc closely misses you. You furiously retaliate!
You headbutt the orc!
You kill the orc!
Edmund closely misses you.
Unknown command.
You shoot an arrow. The arrow closely misses Edmund.
Edmund hits you with a +0 flail of draining.
* * * LOW HITPOINT WARNING * * *
You feel drained.
You shoot an arrow. The arrow hits Edmund.
Edmund is almost dead.
Edmund hits you with a +0 flail of draining.
* * * LOW HITPOINT WARNING * * *
You feel drained.
Edmund hits you with a +0 flail of draining!
You die...

## ######.
.......
.......##
####....#######
......)......<#
#######@#######
......@.#
#########


You could see Edmund.

Vanquished Creatures
  An orc priest (D:3)
  An adder (D:3)
  2 worms (D:3)
  2 dart slugs (D:1)
  3 orcs
  5 ball pythons
  10 bats
  4 endoplasms
  A giant cockroach (D:2)
  5 goblins
  4 hobgoblins
  7 jackals (D:1)
  6 kobolds
  2 quokkas
  2 frilled lizards (D:2)
55 creatures vanquished.

Notes
Turn   | Place    | Note
-------+----------+-------------------------------------------
     0 | D:1      | porpoise the Minotaur Hunter began the quest for the Orb.
     0 | D:1      | Reached XP level 1. HP: 18/18 MP: 0/0
    50 | D:1      | Reached XP level 2. HP: 25/25 MP: 1/1
   126 | D:1      | Reached skill level 5 in Ranged Weapons
   318 | D:1      | Reached XP level 3. HP: 31/31 MP: 2/2
   982 | D:2      | Found a basalt altar of Yredelemnul.
  1542 | D:3      | Reached skill level 1 in Armour
  1542 | D:3      | Reached XP level 4. HP: 26/38 MP: 3/3
  1625 | D:3      | Found a runed translucent door.
  1667 | D:3      | Found a runed translucent door.
  1848 | D:3      | Noticed zazaan's ghost (amateur DjTm)
  1849 | D:3      | Noticed a bullfrog
  1912 | D:3      | Found Rygirim's Antique Weapon Emporium.
  2089 | D:4      | Noticed Edmund
  2102 | D:4      | Mangled by Edmund

Illustrated notes

Levels and vault maps discovered:
D:1:      heliophobic_arrival_glass_houses, layout_basic
D:2:      layout_loops_ring, basic_altar
D:3:      layout_rooms, serial_shops, shop, ebering_ghost_sewer_f
D:4:      layout_basic, nicolae_hepliaklqana_monster_ancestors,
          dreamdust_princess_corridor, uniq_ijyb, uniq_edmund, uniq_robin

Skill      XL: |  1  2  3 |
---------------+----------+-----
Ranged Weapons | 5 |  5.9
Fighting       | 3 |  3.7
Armour         | 1 |  1.3
Dodging        | |  2.1
Stealth        | |  0.7

Action                     |  1- 3 |  4- 6 || total
---------------------------+-------+-------++-------
   Fire: Shortbow          |    88 |    36 ||   124
    Use: Scroll            |     5 |     1 ||     6
 Armour: Leather armour    |     7 |       ||     7
         Ring mail         |     4 |     7 ||    11
  Dodge: Dodged            |    27 |    15 ||    42
